Map: Lightshade LE

Players

Namshar

  • Race: Zerg Zerg

MaSa - Winner!

  • Race: Terran Terran

Event: DreamHack SC2 Masters 2021 Fall

VOD

Have the link to the VOD?

Description

Time

  • Played on: Aug. 13, 2021, 3:35 p.m.
  • Length: 14:14

All games in this series

Show
View Real Time Build Order
Export as new Build Order

Namshar Zerg 

Build Orders: Pool First, Ravager All-In 

Get SALT Encoding   

  12  0:00  Drone  
  13  0:12  Overlord  
  13  0:16  Drone  
  14  0:30  Drone x2  
  16  0:39  Spawning Pool  
  15  0:44  Drone  
  15  0:47  Drone  
  17  1:08  Hatchery  
  17  1:11  Extractor  
  15  1:12  Drone  
  15  1:17  Drone  
  17  1:26  Zergling x2  
  17  1:27  Zergling x2  
  19  1:32  Queen  
  21  1:41  Spine Crawler  
  21  1:47  Overlord  
  20  2:02  Roach Warren  
  20  2:07  Drone  
  20  2:08  Drone  
  21  2:12  Extractor  
  21  2:15  Drone  
  22  2:25  Overlord  
  22  2:42  Roach  
  22  2:43  Roach x3  
  30  2:45  Queen  
  32  2:52  Overlord  
  32  3:03  Ravager x2  
  34  3:11  Roach x2  
  38  3:23  Ravager  
  39  3:32  Overlord  
  39  3:48  Ravager  
  39  3:50  Ravager  
  39  3:53  Hatchery  
  39  3:56  Drone x3  
  43  4:02  Drone  
  43  4:08  Overlord  
  42  4:22  Drone x2  
  44  4:24  Ravager  
  39  4:33  Drone  
  39  4:36  Drone x2  
  33  4:49  Drone x2  
  35  5:02  Drone  
  35  5:05  Hatchery  
  35  5:06  Queen  
  37  5:11  Drone  
  37  5:12  Drone  
  39  5:19  Drone  
  39  5:20  Drone  
  41  5:22  Drone x2  
  41  5:23  Drone  
  44  5:28  Metabolic Boost  
  44  5:32  Overlord  
  44  5:35  Drone  
  45  5:43  Queen  
  45  5:45  Drone  
  45  5:47  Lair  
  48  5:51  Drone x2  
  48  5:52  Drone  
  48  5:54  Drone  
  48  5:56  Drone  
  54  5:57  Drone  
  54  5:59  Drone  
  54  6:02  Overlord  
  55  6:05  Drone  
  55  6:08  Spore Crawler  
  55  6:09  Spore Crawler  
  55  6:10  Drone  
  55  6:17  Drone x3  
  55  6:20  Drone  
  55  6:24  Spore Crawler  
  55  6:27  Drone x2  
  55  6:32  Drone x3  
  59  6:36  Drone x2  
  62  6:40  Drone x2  
  62  6:41  Drone  
  62  6:44  Overseer  
  64  6:47  Glial Reconstitution  
  64  6:53  Extractor  
  64  6:54  Extractor, Drone  
  62  6:56  Spire  
  62  6:57  Drone x2  
  64  7:03  Drone x4  
  64  7:06  Queen  
  70  7:10  Extractor  
  70  7:11  Extractor  
  70  7:12  Drone x2  
  67  7:21  Drone x4  
  70  7:27  Spire  
  63  7:41  Queen x2  
  63  7:42  Queen  
  69  7:52  Drone  
  69  7:53  Drone x5  
  69  7:54  Spore Crawler  
  69  7:55  Spore Crawler  
  73  8:04  Drone x6  
  79  8:12  Roach x2  
  82  8:13  Overlord  
  81  8:34  Hatchery  
  81  8:40  Drone  
  81  8:41  Drone x2  
  80  8:43  Drone  
  80  8:44  Drone  
  82  8:48  Overlord  
  82  8:49  Overlord x2  
  82  8:51  Overlord  
  82  8:52  Overlord  
  78  9:10  Hatchery  
  78  9:13  Drone x6  
  81  9:20  Overlord  
  81  9:21  Queen  
  83  9:27  Overlord  
  81  9:41  Mutalisk x11  
  103  9:52  Overlord x2  
  103  9:53  Drone  
  103  9:56  Drone x4  
  103  9:58  Queen, Evolution Chamber  
  103  9:59  Queen, Baneling Nest, Evolution Chamber  
  109  10:07  Overlord x2  
  104  10:24  Drone x9  
  104  10:25  Drone x5  
  118  10:33  Ravager x2  
  118  10:35  Zerg Flyer Weapons Level 1  
  120  10:36  Zerg Ground Armor Level 1, Zerg Missile Weapons Level 1  
  120  10:39  Queen  
  118  10:47  Roach x6  
  130  10:51  Roach x3  
  133  11:04  Queen  
  128  11:06  Corruptor x3  
  128  11:11  Spore Crawler  
  120  11:20  Hatchery  
  120  11:22  Queen, Corruptor  
  120  11:23  Spore Crawler  
  122  11:30  Corruptor x2  
  118  11:41  Corruptor x3  
  116  11:55  Drone x5  
  116  12:00  Hatchery  
  120  12:07  Drone x5  
  120  12:08  Drone x3  
  128  12:23  Corruptor x2  
  128  12:24  Overlord  
  128  12:27  Ravager x9  
  141  12:32  Drone x5  
  146  12:38  Roach x3  
  152  12:47  Drone x3  
  152  12:48  Drone x3  
  158  12:58  Corruptor x2  
  161  13:05  Corruptor  
  159  13:18  Infestation Pit  
  158  13:21  Hatchery  
  158  13:26  Extractor, Drone x2  
  158  13:27  Extractor, Drone x2  
  155  13:28  Drone x3  
  158  13:38  Ravager x2  
Show
View Real Time Build Order
Export as new Build Order

MaSa Terran - Winner!

Build Orders: Mech 

Get SALT Encoding   

  12  0:00  SCV  
  13  0:12  SCV  
  14  0:19  Supply Depot  
  14  0:24  SCV  
  15  0:41  Barracks  
  15  0:50  Barracks  
  15  0:55  SCV  
  16  1:02  Refinery  
  16  1:07  SCV  
  17  1:19  SCV  
  18  1:27  Marine  
  18  1:31  Orbital Command  
  19  1:35  Supply Depot  
  19  1:37  Marine  
  20  1:45  Marine  
  21  1:51  Bunker  
  21  1:59  Marine  
  22  2:05  Bunker  
  22  2:07  Bunker  
  22  2:09  Marine  
  22  2:14  SCV  
  24  2:17  Marine  
  25  2:27  Marine, SCV  
  27  2:39  Factory  
  27  2:43  SCV  
  28  2:47  Marine, Supply Depot  
  29  2:55  SCV  
  30  3:03  Refinery  
  30  3:07  Marine  
  30  3:09  SCV  
  32  3:23  Bunker  
  32  3:25  SCV  
  33  3:30  Factory Tech Lab  
  33  3:35  Starport  
  33  3:37  SCV  
  30  3:49  SCV  
  30  3:52  Siege Tank  
  34  3:57  Supply Depot  
  34  4:01  SCV  
  35  4:04  Command Center  
  35  4:13  SCV  
  36  4:18  Starport Tech Lab  
  36  4:25  SCV  
  34  4:37  SCV, Siege Tank  
  33  4:49  SCV  
  33  4:50  Banshee  
  33  5:01  SCV  
  33  5:06  Fusion Core  
  34  5:07  Marine  
  34  5:13  SCV  
  36  5:15  Command Center  
  36  5:25  SCV  
  36  5:28  Refinery  
  37  5:31  Marine  
  37  5:33  Orbital Command  
  38  5:38  SCV  
  39  5:50  SCV  
  40  5:59  SCV, Battlecruiser  
  40  6:02  SCV  
  48  6:05  Supply Depot  
  48  6:07  Barracks Reactor  
  48  6:12  SCV  
  48  6:14  SCV  
  50  6:22  Refinery  
  50  6:24  SCV  
  51  6:26  SCV  
  51  6:28  Orbital Command  
  52  6:36  SCV  
  52  6:38  SCV, Factory  
  54  6:45  Factory  
  54  6:48  SCV  
  54  6:50  Supply Depot, SCV  
  54  6:54  Barracks Tech Lab  
  56  6:57  Orbital Command  
  56  7:00  SCV  
  57  7:02  SCV  
  57  7:05  Battlecruiser  
  57  7:08  Hellion  
  66  7:12  SCV  
  66  7:14  SCV  
  68  7:20  Weapon Refit  
  68  7:22  SCV  
  69  7:24  SCV  
  69  7:25  Hellion  
  69  7:26  SCV  
  73  7:34  SCV  
  73  7:36  SCV  
  75  7:38  Refinery  
  75  7:39  SCV  
  76  7:45  Supply Depot  
  76  7:46  SCV  
  76  7:47  Supply Depot  
  76  7:48  Refinery, SCV, Hellion x2  
  76  7:50  Siege Tank  
  85  8:01  Armory  
  85  8:03  Armory  
  85  8:06  SCV x3  
  85  8:09  Supply Depot  
  85  8:15  Engineering Bay  
  85  8:18  Supply Depot x2, SCV x2  
  87  8:25  SCV  
  93  8:27  Hellion  
  93  8:28  Cyclone  
  93  8:30  SCV  
  92  8:36  SCV  
  92  8:39  Hellion  
  91  8:42  Battlecruiser  
  91  8:46  SCV x2  
  99  8:49  Supply Depot  
  99  8:54  Hellion  
  101  8:58  SCV  
  102  9:03  SCV  
  103  9:11  Command Center  
  103  9:13  SCV x2  
  103  9:15  Siege Tank x2  
  111  9:19  Mag-Field Accelerator, Missile Turret  
  111  9:20  Hellion, Missile Turret  
  111  9:23  SCV  
  114  9:25  SCV  
  114  9:29  SCV, Hellion  
  118  9:36  SCV  
  119  9:41  Terran Vehicle Weapons Level 1, Terran Vehicle And Ship Armor Level 1  
  119  9:42  SCV  
  119  9:43  Factory  
  119  9:44  Factory  
  120  9:47  Siege Tank  
  120  9:48  Sensor Tower  
  120  9:49  Hellion  
  120  9:52  Hellion, Siege Tank  
  130  9:54  SCV  
  130  9:58  SCV x2  
  133  10:00  Infernal Pre-Igniter  
  133  10:04  Supply Depot  
  133  10:05  Supply Depot  
  133  10:17  Missile Turret  
  133  10:18  Missile Turret  
  133  10:19  Thor  
  133  10:20  Hellion x2  
  133  10:26  Missile Turret  
  133  10:27  Missile Turret  
  133  10:29  Factory Reactor, Factory Tech Lab  
  133  10:31  Missile Turret  
  133  10:39  Missile Turret  
  133  10:40  SCV  
  133  10:41  SCV  
  135  10:46  Widow Mine x2, Cyclone  
  135  10:48  SCV  
  140  10:52  SCV  
  140  10:53  Battlecruiser  
  142  10:58  SCV  
  142  11:01  Thor  
  138  11:04  SCV  
  138  11:06  SCV  
  138  11:10  SCV  
  138  11:11  Hellion  
  142  11:16  SCV, Planetary Fortress  
  142  11:18  Refinery, SCV  
  141  11:22  SCV  
  141  11:23  Siege Tank  
  145  11:31  Hellion, Siege Tank  
  145  11:32  SCV, Hellion  
  153  11:41  SCV  
  154  11:47  SCV  
  154  11:50  Hellion, Siege Tank  
  160  11:57  Command Center  
  160  12:01  Missile Turret  
  160  12:03  Refinery, Supply Depot x2  
  160  12:07  Battlecruiser  
  168  12:15  Hellion  
  168  12:16  Hellion x2  
  172  12:24  Siege Tank x2  
  172  12:25  Siege Tank, Hellion  
  185  12:37  Hellion  
  185  12:45  Hellion  
  187  13:01  Starport  
  187  13:02  Starport  
  187  13:03  Starport  
  187  13:09  Hellion x2, Siege Tank x2  
  197  13:14  Command Center  
  197  13:17  Command Center  
  197  13:18  Hellion  
  199  13:26  Hellion, Siege Tank  
  200  13:43  Starport Tech Lab  
  200  13:44  Starport Tech Lab x2  

Tags
 
Add a new tag
Caveats
  • Supply blocks, unpowered buildings, or Contaminate may cause inaccurate times.
  • Supply counts are checked every 10 seconds.